Map: Prion Terraces

Players

Kaldi - Winner!

  • Race: Zerg Zerg
  • League: Master

Awesomesauce

  • Race: Protoss Protoss
  • League: Diamond

VOD

Have the link to the VOD?

Description

Time

  • Played on: March 13, 2016, 7:42 a.m.
  • Length: 9:27
Show
View Real Time Build Order
Export as new Build Order

Kaldi Zerg - Winner!

Build Orders: Pool First 

Get SALT Encoding   

  12  0:01  Drone  
  13  0:15  Overlord  
  13  0:18  Drone  
  14  0:35  Spawning Pool  
  14  0:40  Drone  
  14  0:43  Drone  
  15  0:52  Drone x2  
  17  1:02  Drone  
  18  1:24  Hatchery  
  17  1:29  Drone  
  17  1:31  Extractor  
  17  1:36  Queen  
  19  1:41  Zergling x2  
  19  1:46  Drone  
  21  1:50  Overlord  
  21  2:00  Drone  
  22  2:10  Drone  
  22  2:13  Queen  
  25  2:18  Drone  
  26  2:30  Drone  
  27  2:38  Overlord  
  27  2:41  Drone  
  28  2:48  Metabolic Boost  
  28  2:50  Overlord  
  28  3:03  Hatchery  
  28  3:04  Drone  
  28  3:06  Drone  
  28  3:08  Drone  
  30  3:13  Drone x2  
  30  3:16  Drone  
  33  3:20  Drone x2  
  33  3:24  Drone  
  33  3:25  Drone x2  
  38  3:27  Drone  
  39  3:39  Drone x2  
  39  3:40  Extractor, Drone  
  41  3:43  Drone x2  
  41  3:45  Drone  
  44  3:50  Evolution Chamber  
  44  3:54  Roach Warren  
  42  3:56  Lair  
  42  3:58  Drone x4  
  42  4:02  Drone x2  
  48  4:07  Drone x2  
  50  4:10  Overlord  
  50  4:18  Drone x2  
  50  4:23  Zerg Melee Weapons Level 1  
  52  4:32  Drone x5  
  52  4:37  Extractor  
  56  4:38  Queen  
  56  4:42  Hatchery  
  57  4:46  Zergling x2  
  57  4:48  Overlord x3  
  58  4:57  Glial Reconstitution  
  58  5:05  Queen  
  59  5:09  Zergling x24  
  69  5:20  Zergling x4  
  69  5:27  Drone x2, Spire  
  69  5:28  Drone  
  71  5:29  Drone x2  
  73  5:37  Overseer  
  73  5:40  Overlord x3  
  73  5:43  Drone  
  73  5:44  Drone  
  73  5:48  Drone x2  
  77  5:52  Drone x2  
  77  5:53  Extractor  
  78  5:59  Zergling x8  
  78  6:02  Extractor  
  78  6:03  Zergling x2  
  78  6:04  Zergling x4, Extractor  
  83  6:10  Zergling x8  
  85  6:21  Zergling x18  
  93  6:29  Zergling x6  
  94  6:37  Zergling x2  
  94  6:38  Zergling x4  
  92  6:45  Zergling x4  
  82  6:54  Zergling x4  
  82  6:55  Zergling x4  
  84  7:07  Mutalisk x4  
  91  7:15  Drone  
  88  7:19  Mutalisk  
  88  7:20  Mutalisk x3  
  86  7:28  Hatchery  
  85  7:31  Extractor  
  85  7:32  Extractor  
  85  7:33  Mutalisk x2  
  87  7:40  Zergling x2  
  87  7:41  Zergling x28  
  102  7:49  Zergling x2  
  102  7:50  Zergling x2  
  99  8:13  Mutalisk x4  
  99  8:16  Zergling x2  
  103  8:27  Zergling x6  
  103  8:29  Overlord x4  
  100  8:49  Zergling x2, Spire  
  99  8:59  Zergling x2, Hatchery  
  99  9:00  Zergling x20  
  109  9:09  Hatchery  
Show
View Real Time Build Order
Export as new Build Order

Awesomesauce Protoss 

Build Orders: Nexus First 

Get SALT Encoding   

  12  0:01  Probe (Chrono Boost)  
  13  0:11  Probe (Chrono Boost)  
  14  0:19  Pylon  
  14  0:22  Probe (Chrono Boost)  
  15  0:38  Probe (Chrono Boost)  
  16  0:52  Probe (Chrono Boost)  
  17  0:58  Nexus  
  17  1:05  Probe (Chrono Boost)  
  18  1:12  Gateway  
  18  1:17  Assimilator  
  18  1:20  Probe (Chrono Boost)  
  19  1:31  Probe (Chrono Boost)  
  20  1:41  Probe (Chrono Boost)  
  21  1:47  Gateway  
  22  1:54  Probe (Chrono Boost)  
  22  2:02  Cybernetics Core  
  22  2:05  Probe (Chrono Boost)  
  22  2:07  Pylon  
  23  2:12  Zealot  
  25  2:17  Probe (Chrono Boost), Assimilator  
  25  2:19  Probe (Chrono Boost)  
  27  2:28  Probe (Chrono Boost)  
  28  2:34  Probe (Chrono Boost)  
  29  2:40  Adept  
  29  2:41  Adept  
  29  2:42  Warp Gate  
  33  2:49  Probe x2 (Chrono Boost)  
  35  2:55  Pylon  
  35  3:05  Robotics Facility  
  34  3:08  Probe (Chrono Boost)  
  35  3:19  Pylon  
  36  3:20  Probe x2 (Chrono Boost)  
  36  3:26  Sentry, Adept  
  41  3:31  Mothership Core (Chrono Boost)  
  43  3:36  Pylon  
  43  3:39  Probe (Chrono Boost)  
  43  3:41  Pylon  
  44  3:48  Probe (Chrono Boost)  
  44  3:50  Probe (Chrono Boost)  
  44  3:52  Immortal (Chrono Boost)  
  50  3:58  Probe  
  50  4:00  Assimilator  
  50  4:01  Probe  
  52  4:04  Pylon, Assimilator  
  52  4:11  Adept x2  
  52  4:13  Probe  
  57  4:30  Nexus  
  57  4:31  Pylon  
  57  4:43  Probe  
  57  4:44  Immortal (Chrono Boost)  
  57  4:45  Probe  
  63  4:52  Gateway  
  63  4:54  Gateway  
  63  5:21  Immortal (Chrono Boost), Adept x2  
  67  5:26  Twilight Council  
  69  5:36  Probe  
  69  5:38  Probe  
  71  5:44  Forge  
  71  5:45  Gateway  
  71  5:47  Probe x2, Gateway  
  71  5:48  Gateway  
  73  5:50  Pylon, Probe  
  74  5:57  Probe x2  
  74  6:02  Probe  
  77  6:09  Probe  
  77  6:10  Probe  
  78  6:14  Adept x3, Probe  
  86  6:19  Probe  
  86  6:20  Probe  
  75  6:26  Probe  
  75  6:30  Probe  
  75  6:31  Probe  
  71  6:36  Adept x3  
  71  6:59  Adept  
  66  7:04  Adept x2  
  66  7:05  Adept  
  70  7:13  Adept  
  72  7:19  Probe  
  73  7:24  Zealot  
  73  7:25  Probe  
  73  7:26  Probe  
  77  7:30  Probe  
  77  7:35  Adept x2, Probe  
  82  7:38  Probe  
  84  7:53  Stalker x2  
  84  7:56  Photon Cannon  
  80  8:11  Stalker x2  
  80  8:36  Probe  
  80  8:38  Probe  
  78  8:41  Pylon  
  78  8:45  Stargate  
  46  9:03  Stalker x3  
  46  9:07  Stalker  
  54  9:18  Dark Shrine  
Tags
 
Add a new tag
Caveats
  • Supply blocks, unpowered buildings, or Contaminate may cause inaccurate times.
  • Supply counts are checked every 10 seconds.